 Dungeon Crawl Stone Soup version 0.27-a0-1595-g0b823d0a13 (webtiles) character file.

Game seed: 5324125514604052600

8073 DocSulfur the Grappler (level 11, -2/90 (105) HPs)
             Began as a Troll Hunter on July 20, 2021.
             Was a Believer of Ru.
             Slain by a centaur warrior (6 damage)
             ... on level 9 of the Dungeon.
             The game lasted 00:24:22 (7237 turns).

DocSulfur the Grappler (Troll Hunter)               Turns: 7237, Time: 00:24:25

HP:   -2/90 (105)   AC:  7    Str: 25    XL:     11   Next: 5%
MP:   10/10         EV: 19    Int:  7    God:    Ru [**....]
Gold: 332           SH:  0    Dex: 10    Spells: 10/10 levels left

rFire    . . .     SeeInvis .     - Unarmed
rCold    . . .     Faith    .   (no shield)
rNeg     . . .     Spirit   .   B - +0 steam dragon scales
rPois    .         Reflect  .   (helmet restricted)
rElec    .         Harm     .   (no cloak)
rCorr    .         Rampage  .   (gloves unavailable)
Will     .....                  (boots unavailable)
Stlth    +.........             (no amulet)
HPRegen  1.25/turn              a - +4 ring of evasion
MPRegen  0.12/turn              y - +4 ring of evasion

@: unable to read, heavily drained
A: large, unfitting armour, claws 3, regeneration 1, shaggy fur 1, tough skin 1,
inability to read while threatened, no conjurations magic, no fire magic, no
hexes magic
a: Renounce Religion


You were on level 9 of the Dungeon.
You worshipped Ru.
Ru was pleased with you.
You visited 1 branch of the dungeon, and saw 9 of its levels.
You also visited: Sewer.

You collected 467 gold pieces.
You spent 135 gold pieces at shops.

Inventory:

Missiles
 h - 5 curare-tipped darts
 m - 12 boomerangs
 p - 2 large rocks (quivered)
 C - 19 sling bullets
Armour
 b - a +0 robe
 B - +0 steam dragon scales (worn)
Jewellery
 a - a +4 ring of evasion (left claw)
 d - an amulet of reflection
 y - a +4 ring of evasion (right claw)
 D - an amulet of the acrobat
Wands
 c - a wand of digging (4)
 r - a wand of flame (13)
Scrolls
 f - 5 scrolls of fog
 g - a scroll of torment {unknown}
 j - a scroll of magic mapping {unknown}
 l - a scroll of brand weapon {unknown}
 q - a scroll of amnesia {unknown}
 s - 2 scrolls of teleportation
 t - 2 scrolls of fear {unknown}
 u - 3 scrolls of enchant weapon {unknown}
 v - 3 scrolls of noise {unknown}
 w - 5 scrolls of enchant armour
 x - 2 scrolls of blinking {unknown}
 z - a scroll of vulnerability {unknown}
Potions
 e - 3 potions of flight
 i - 5 potions of curing
 k - a potion of resistance {unknown}
 n - a potion of heal wounds {unknown}
 o - a potion of mutation {unknown}
 A - 2 potions of magic


   Skills:
 + Level 5.9 Fighting
 - Level 10.0 Throwing
 + Level 5.9 Dodging
 - Level 0.3 Stealth
 - Level 10.0 Unarmed Combat


You had 10 spell levels left.
You didn't know any spells.
Your spell library contained the following spells:

 Spells                   Type           Power      Damage    Failure   Level
 Animate Skeleton         Necr           0%         N/A       43%         1
 Apportation              Tloc           0%         N/A       43%         1
 Summon Small Mammal      Summ           0%         N/A       43%         1
 Blade Hands              Tmut           0%         N/A       100%        5
 Lee's Rapid Deconstruct  Erth           0%         3d5*      100%        5
 Dragon Form              Tmut           0%         N/A       100%        7
 Corona                   Hex            Unusable   N/A       N/A         1
 Inner Flame              Hex/Fire       Unusable   N/A       N/A         3
 Cause Fear               Hex            Unusable   N/A       N/A         4
 Fulminant Prism          Conj/Hex       Unusable   3d6       N/A         4
 Iskenderun's Mystic Bla  Conj/Tloc      Unusable   2d3       N/A         4
 Irradiate                Conj/Tmut      Unusable   3d14      N/A         5
 Discord                  Hex            Unusable   N/A       N/A         8

Dungeon Overview and Level Annotations

Branches:
Dungeon (9/15)             Temple (0/1) D:5            Lair (0/6) D:8
  Sewer (visited)
    Orc: D:9-12

Altars:
Ashenzari
Cheibriados
Elyvilon
Gozag
Nemelex Xobeh
Okawaru
Ru
Trog
Vehumet
Wu Jian
Xom
Zin

Shops:
D:4 =   D:8 ?([*

Annotations:
D:4 2 transporters, HAL9000's ghost, amateur VSBr


Innate Abilities, Weirdness & Mutations

You are too large for most types of armour.
You have claws for hands.
Your natural rate of healing is unusually fast.
You are covered in fur. (AC +1)
You have tough skin. (AC +1)
You sometimes lose the ability to read scrolls when taking damage.
You cannot study or cast Conjurations magic.
You cannot study or cast Fire magic.
You cannot study or cast Hexes magic.


Message History

You feel drained.
The centaur warrior completely misses you.
The steam dragon moves out of view.
The killer bee moves out of view.
The wight moves out of view.
You hear a shout!
You scratch the centaur warrior but do no damage.
You feel sick.
The centaur warrior hits you but does no damage.
You feel drained.
The centaur warrior kicks you but does no damage.
You mangle the centaur warrior!!
The centaur warrior is heavily wounded.
You feel sick.
The centaur warrior hits you with a +0 quarterstaff of draining!
You feel drained.
* * * LOW HITPOINT WARNING * * *
The centaur warrior misses you.
The centaur warrior hits you with a +0 quarterstaff of draining!
* * * LOW HITPOINT WARNING * * *
You feel drained.
* * * LOW HITPOINT WARNING * * *
The centaur warrior barely misses you.
A bullfrog comes into view.
A wight comes into view.
It is wielding a +5 great sword of freezing.
You feel better.
The centaur warrior hits you with a +0 quarterstaff of draining.
* * * LOW HITPOINT WARNING * * *
You feel drained.
* * * LOW HITPOINT WARNING * * *
The centaur warrior kicks you but does no damage.
The centaur warrior completely misses you.
The centaur warrior misses you.
Okay, then.
You claw the centaur warrior!
The centaur warrior is severely wounded.
You feel yourself speed up.
The centaur warrior hits you with a +0 quarterstaff of draining!
* * * LOW HITPOINT WARNING * * *
You feel drained.
You die...

.$.......)...... .
..[####.###..### #.
. #.# #..... .#
###. #u###.[...
.z#.. # #..##.....
z#.. .##!.#.#.#...
.... .##
.....#....#### ...#
#D#|..#.# .##.#
..[# #@cF..##
#.#..### ...#
###.### ##..(.. ..#
.. . .. #..... #.##
.# .# #..### #..#
.. .. #... #.#.# .#
.# (!#. #)##.## ☼#
.#( #. #
##y###.#####(#####.
. # #
#(hz..†.).)........
#


You could see a centaur warrior, a steam dragon, a bullfrog and 2 wights.

Vanquished Creatures
  A centaur warrior (D:9)
  3 two-headed ogres
  An efreet (D:9)
  A troll (D:9)
  Sigmund (D:2)
  A wyvern (D:9)
  4 yaks (D:8)
  2 steam dragons
  3 orc warriors
  3 black bears
  4 ogres
  A necrophage (D:6)
  2 centaurs (D:6)
  4 phantoms
  4 bullfrogs
  2 scorpions
  2 gnoll sergeants
  A killer bee (D:9)
  A wight (D:9)
  5 howler monkeys (D:9)
  4 centaur zombies
  5 orc priests
  6 hounds
  A gnoll shaman (D:9)
  3 jellies
  A centaur skeleton (D:4)
  3 iguanas
  10 orc wizards
  A hound skeleton (D:4)
  A howler monkey zombie (D:9)
  A howler monkey skeleton (D:7)
  7 gnolls
  11 adders
  A shadow imp (D:6)
  4 white imps
  2 adder skeletons (D:4)
  3 worms
  A dart slug (D:2)
  18 orcs
  19 ball pythons
  7 bats
  15 endoplasms
  16 giant cockroaches
  9 goblins
  6 hobgoblins
  9 jackals (D:3)
  9 quokkas
  16 frilled lizards
  8 kobolds
  7 rats
250 creatures vanquished.

Vanquished Creatures (others)
  A death knight (D:9)
  An orc (D:7)
  6 fungi (D:8)
  5 plants (D:8)
13 creatures vanquished.

Grand Total: 263 creatures vanquished

Notes
Turn   | Place    | Note
-------+----------+-------------------------------------------
     0 | D:1      | DocSulfur the Troll Hunter began the quest for the Orb.
     0 | D:1      | Reached XP level 1. HP: 19/19 MP: 0/0
    71 | D:1      | Reached skill level 1 in Unarmed Combat
   131 | D:1      | Reached XP level 2. HP: 27/27 MP: 1/1
   826 | D:2      | Noticed Sigmund
  1075 | D:2      | Reached XP level 3. HP: 33/33 MP: 2/2
  1306 | D:2      | Reached XP level 4. HP: 26/41 MP: 3/3
  1409 | D:2      | Killed Sigmund
  1410 | D:2      | Reached XP level 5. HP: 48/48 MP: 4/4
  1607 | D:3      | Reached XP level 6. HP: 55/55 MP: 5/5
  1615 | D:3      | Reached skill level 5 in Unarmed Combat
  2357 | D:3      | Reached skill level 5 in Throwing
  2684 | D:4      | Reached XP level 7. HP: 57/62 MP: 6/6
  2699 | D:4      | Found a white marble altar of Elyvilon.
  2929 | D:4      | Found a transporter.
  2929 | D:4      | Noticed HAL9000's ghost (amateur VSBr)
  2935 | D:4      | Found a broken altar of Ashenzari.
  2946 | D:4      | Found a transporter.
  3106 | D:4      | Found Afuawn's Jewellery Shop.
  3215 | D:4      | Found a radiant altar of Vehumet.
  3222 | D:4      | Found a sacrificial altar of Ru.
  3224 | D:4      | Found a snail-covered altar of Cheibriados.
  3224 | D:4      | Found a glowing silver altar of Zin.
  3227 | D:4      | Found a bloodstained altar of Trog.
  3227 | D:4      | Found an iron altar of Okawaru.
  3248 | D:4      | Became a worshipper of Ru the Awakened
  3531 | D:5      | Entered Level 5 of the Dungeon
  3531 | D:5      | Found an ornate altar of the Wu Jian Council.
  3534 | D:5      | Reached XP level 8. HP: 70/70 MP: 7/7
  3565 | D:5      | Noticed a two-headed ogre
  3577 | D:5      | Killed a two-headed ogre
  3727 | D:5      | Noticed a two-headed ogre
  3750 | D:5      | Killed a two-headed ogre
  3751 | D:5      | Reached skill level 10 in Unarmed Combat
  3751 | D:5      | Reached XP level 9. HP: 76/76 MP: 8/8
  3891 | D:5      | Found a staircase to the Ecumenical Temple.
  4086 | D:5      | Found a glowing drain.
  4096 | Sewer    | Entered a sewer
  4174 | Sewer    | Gained mutation: You sometimes lose the ability to read
                  | scrolls when taking damage. [Ru sacrifice]
  4174 | Sewer    | Reached * piety under Ru
  5338 | D:7      | You fall into a shaft and drop 1 floor!
  5343 | D:8      | Found a shimmering altar of Xom.
  5367 | D:8      | Found a sparkling altar of Nemelex Xobeh.
  5438 | D:8      | Found Juzaluge's Armour Emporium.
  5503 | D:8      | Reached skill level 10 in Throwing
  5522 | D:8      | Found a staircase to the Lair.
  5533 | D:8      | Reached XP level 10. HP: 22/87 MP: 9/9
  6054 | D:7      | Gained mutation: You cannot study or cast Fire magic. [Ru
                  | sacrifice]
  6054 | D:7      | Gained mutation: You cannot study or cast Hexes magic. [Ru
                  | sacrifice]
  6054 | D:7      | Gained mutation: You cannot study or cast Conjurations
                  | magic. [Ru sacrifice]
  6054 | D:7      | Reached ** piety under Ru
  6463 | D:8      | Found Kunazuast's Weapon Shop.
  6485 | D:8      | Found Esaum's Magic Scroll Shop.
  6494 | D:8      | Bought a scroll of teleportation for 45 gold pieces
  6494 | D:8      | Bought a scroll of fog for 30 gold pieces
  6499 | D:8      | Bought a scroll of identify for 30 gold pieces
  6499 | D:8      | Bought a scroll of identify for 30 gold pieces
  6904 | D:8      | Found Othi's General Store.
  7055 | D:9      | Noticed a centaur warrior
  7065 | D:9      | Noticed a two-headed ogre
  7072 | D:9      | Killed a centaur warrior
  7080 | D:9      | Killed a two-headed ogre
  7083 | D:9      | Reached skill level 5 in Fighting
  7087 | D:9      | Reached skill level 5 in Dodging
  7098 | D:9      | Noticed a tengu warrior
  7099 | D:9      | Noticed a white ugly thing
  7110 | D:9      | Found an opulent altar of Gozag.
  7110 | D:9      | Noticed a death knight
  7129 | D:9      | Killed a death knight
  7179 | D:9      | Reached XP level 11. HP: 105/105 MP: 10/10
  7230 | D:9      | Noticed a skeletal warrior
  7233 | D:9      | Noticed a centaur warrior
  7237 | D:9      | HP: 4/93 [centaur warrior (12)]
  7237 | D:9      | Slain by a centaur warrior

Illustrated notes

Levels and vault maps discovered:
D:1:      eino_arrival_tree_alley, layout_basic, minmay_pentomino_s2
D:2:      layout_loops_corners, kennysheep_another_room, uniq_sigmund
D:3:      layout_basic
D:4:      layout_loops_ring, minitemple, cheibrodos_ashenzari_chains,
          elyvilon_altar_3, gammafunk_ghost_arena, grunt_ministairs_12,
          minmay_misc_feat_alley, serial_bayou_ford_a,
          minmay_shop_enchanted_jewellery, minmay_misc_feat_rows
D:5:      layout_layer_cave, mainiacjoe_overflow_cross_hatched,
          minmay_temple_entry_trees, gup_sewer_entry_bubbles, kennysheep_path_1,
          nrook_loot_triangle
D:6:      layout_basic, lemuel_another_geyser
D:7:      layout_rooms
D:8:      layout_layer_cave, nemelex_xobeh_ov_fountains_minmay,
          mainiacjoe_overflow_paths, grunt_lair_entry_orc_guard_hut,
          serial_shops, shop_fountains, nicolae_take_the_stairs, shop_scrolls,
          shop
D:9:      minmay_the_grid_square_5x5_4x4
          [minmay_the_grid_square_5x5_almost_minimal,
          minmay_the_grid_square_5x5_hourglass,
          minmay_the_grid_square_5x5_empty,
          minmay_the_grid_square_5x5_minivault,
          minmay_the_grid_square_5x5_fat_x,
          minmay_the_grid_square_5x5_prize_pseudospiral,
          minmay_the_grid_square_5x5_prize_rear_guard,
          minmay_the_grid_square_5x5_lines, minmay_the_grid_square_5x5_inner_z,
          minmay_the_grid_square_5x5_prize_monsterx,
          minmay_the_grid_square_5x5_prize_itemx,
          minmay_the_grid_square_5x5_plus, minmay_the_grid_square_5x5_minimal,
          minmay_the_grid_square_5x5_bridge, minmay_the_grid_square_5x5_forky,
          minmay_the_grid_square_5x5_comb], layout_rooms,
          nicolae_gozag_seed_capital

Skill      XL: |  1  2  3  4  5  6  7  8  9 10 |
---------------+-------------------------------+-----
Unarmed Combat | 1 2 3 4 6 7 10 | 10.0
Throwing       | 4 5 6 7 10 | 10.0
Fighting       | 2 5 |  5.9
Dodging        | 2 5 |  5.9
Stealth        | |  0.3

Action                   |  1- 3 |  4- 6 |  7- 9 | 10-12 || total
-------------------------+-------+-------+-------+-------++-------
Melee: Unarmed           |    74 |    99 |   310 |   189 ||   672
       Punch             |       |       |    13 |     9 ||    22
Throw: Large rock        |       |     9 |    12 |     5 ||    26
       Boomerang         |       |       |     5 |       ||     5
       Dart              |       |       |     3 |     7 ||    10
       Throwing net      |       |       |       |     2 ||     2
Invok: Sacrifice Words   |       |       |     1 |       ||     1
       Sacrifice Arcana  |       |       |       |     1 ||     1
  Use: Scroll            |       |       |     4 |     4 ||     8
       Potion            |       |       |       |     2 ||     2
 Stab: Invisible         |       |       |       |     1 ||     1
       Sleeping          |       |       |       |     1 ||     1
Armor: Robe              |    15 |    27 |    64 |     8 ||   114
       Steam dragon scal |       |       |       |    27 ||    27
Dodge: Dodged            |    53 |    73 |   195 |   163 ||   484

Table legend: (Time is in decaauts)
 A = Elapsed time spent in this place.
 B = Non-inter-level travel time spent in this place.
 C = Inter-level travel time spent in this place.
 D = Time resting spent in this place.
 E = Time spent auto-exploring this place.
 F = Levels seen in this place.
 G = Mean time per level.
                   A        B        C        D        E       F      G
               +--------+--------+--------+--------+--------+-----+--------+
         Total |   7324 |   7066 |    258 |      0 |   3975 |  10 |  732.4 |
       Dungeon |   6728 |   6470 |    258 |      0 |   3805 |   9 |  747.6 |
         Sewer |    596 |    596 |      0 |      0 |    169 |   1 |  596.0 |
               +--------+--------+--------+--------+--------+-----+--------+

Top non-repeatable levels by time:
     D:3: 1127 daAuts
     D:8: 1051 daAuts
     D:2: 939 daAuts
     D:4: 905 daAuts
     D:5: 776 daAuts
     D:6: 607 daAuts
   Sewer: 596 daAuts
     D:1: 560 daAuts
     D:7: 461 daAuts
     D:9: 299 daAuts
